 Dungeon Crawl Stone Soup version 0.23.2-1-ga50397a6bc (webtiles) character file.

Game seed: 7373978682930717281

105 Mrkan the Chopper (level 4, 0/40 HPs)
             Began as a Hill Orc Monk on May 14, 2019.
             Slain by a hobgoblin
             ... wielding a +0 club
             ... led by Robin
              (2 damage)
             ... on level 2 of the Dungeon.
             The game lasted 00:03:24 (1906 turns).

Mrkan the Chopper (Hill Orc Monk)                   Turns: 1906, Time: 00:03:25

Health: 0/40       AC:  2    Str: 14    XL:     4   Next: 83%
Magic:  4/4        EV: 13    Int: 10    God:
Gold:   89         SH:  0    Dex: 13    Spells: 3/3 levels left

rFire    . . .     SeeInvis .   a - +0 hand axe
rCold    . . .     Gourm    .   (no shield)
rNeg     . . .     Faith    .   b - +0 robe
rPois    .         Spirit   .   (no helmet)
rElec    .         Reflect  .   (no cloak)
rCorr    .         Harm     .   (no gloves)
MR       .....                  (no boots)
Stlth    ++........             (no amulet)
HPRegen  0.13/turn              (no ring)
MPRegen  0.09/turn              (no ring)

@: no status effects
A: no striking features
a: no special abilities


You were on level 2 of the Dungeon.
You were very hungry.

You visited 1 branch of the dungeon, and saw 2 of its levels.

You collected 89 gold pieces.

Inventory:

Hand Weapons
 a - a +0 hand axe (weapon)
Armour
 b - a +0 robe (worn)
 i - a +0 ring mail
Scrolls
 d - 2 scrolls of teleportation {unknown}
 g - a scroll of identify {unknown}
 j - a scroll of remove curse {unknown}
Potions
 e - 2 potions of heal wounds {unknown}
 f - a potion of brilliance {unknown}
 h - a potion of invisibility {unknown}
Comestibles
 c - 4 rations


   Skills:
 + Level 4.2 Fighting
 * Level 6.7 Axes
 - Level 2.4 Dodging
 - Level 1.5 Stealth


You had 3 spell levels left.
You didn't know any spells.
Your spell library was empty.

Dungeon Overview and Level Annotations

Branches:
Dungeon (2/15)

Altars:


Message History

a +0 club; a +0 animal skin; a +0 helmet; 2 stones the hobgoblin corpse of Robin The goblin shoots a stone.
The stone hits you.
* * * LOW HITPOINT WARNING * * *
Things that are here:
a stone; a +0 club; a hobgoblin corpse
Items here: ( ))) a cursed -2 club; a stone; a +0 dagger; a +0 club The goblin shoots a stone.
The stone closely misses you.
The goblin no longer looks unusually strong.
The goblin shoots a stone.
The stone closely misses you.
You see here a stone.
You see here 2 stones.
You closely miss the hobgoblin. The hobgoblin barely misses you.
You hit the hobgoblin.
The hobgoblin is moderately wounded.
The goblin shoots a stone.
The stone hits you.
* * * LOW HITPOINT WARNING * * *
The hobgoblin hits you with a +0 club.
You die...

## ### #. ..# #. #.# #.
#.# #########
#.###.#####..(....#####
#...(..()..†...........
#.$###g####.#####.####.
#..# #@# #g# #.# #.
#..# #.# #.# #.# #.
#.g# #.# #.# #.# #.
##..###(# #.# #.# #.
.......g####.# #.# ##.
##...(.......# #......
#.###..####..# #### #
#... ♣♣.♣ ..... ..♣


You could see a hobgoblin and a goblin.

Vanquished Creatures
  Terence (D:2)
  Robin (D:2)
  An adder (D:2)
  An ooze (D:1)
  A worm (D:2)
  5 dart slugs (D:1)
  A leopard gecko (D:1)
  A giant cockroach (D:2)
  8 goblins
  7 hobgoblins
  3 jackals (D:2)
  2 kobolds (D:1)
  5 bats
  4 frilled lizards
  7 rats (D:1)
48 creatures vanquished.

Vanquished Creatures (others)
  A goblin (D:2)
1 creature vanquished.

Grand Total: 49 creatures vanquished

Notes
Turn   | Place    | Note
-------+----------+-------------------------------------------
     0 | D:1      | Mrkan the Hill Orc Monk began the quest for the Orb.
     0 | D:1      | Reached XP level 1. HP: 19/19 MP: 1/1
    88 | D:1      | Reached XP level 2. HP: 25/27 MP: 2/2
   176 | D:1      | Reached skill level 5 in Axes
   476 | D:1      | Reached XP level 3. HP: 33/33 MP: 3/3
  1430 | D:2      | Reached skill level 6 in Axes
  1430 | D:2      | Reached XP level 4. HP: 23/40 MP: 4/4
  1577 | D:2      | Noticed Terence
  1602 | D:2      | Killed Terence
  1764 | D:2      | Noticed Robin
  1884 | D:2      | Killed Robin
  1886 | D:2      | HP: 2/40 [goblin/stone[Robin] (2)]
  1906 | D:2      | HP: 2/40 [goblin/stone[Robin] (3)]
  1906 | D:2      | Slain by a hobgoblin

Skill      XL: |  1  2  3 |
---------------+----------+-----
Fighting       | 4 |  4.2
Axes           | 5 6 |  6.7
Dodging        | |  2.4
Stealth        | |  1.5

Action                   |  1- 3 |  4- 6 || total
-------------------------+-------+-------++-------
Melee: Hand axe          |   122 |    62 ||   184
 Stab: Sleeping          |     4 |       ||     4
  Eat: Chunk             |     1 |     1 ||     2
Armor: Robe              |    19 |     8 ||    27
Dodge: Dodged            |    98 |    44 ||   142
